 Dungeon Crawl Stone Soup version 0.19-a0-599-g723c685 (webtiles) character file.

6584 hypermopl the Basher (level 11, -2/121 (123) HPs)
             Began as an Ogre Earth Elementalist on June 11, 2016.
             Was a High Priest of Cheibriados.
             Slain by a swamp worm (8 damage)
             ... on level 10 of the Dungeon.
             The game lasted 00:31:11 (15701 turns).

hypermopl the Basher (Ogre Earth Elementalist)     Turns: 15701, Time: 00:31:11

HP:   -2/121 (123)  AC:  5    Str: 27    XL:     11   Next: 1%
MP:   14/14         EV: 15    Int: 30    God:    Cheibriados [*****.]
Gold: 107           SH:  2    Dex: 24    Spells: 2 memorised, 11 levels left

rFire  . . .     SeeInvis .     a - +1 giant spiked club
rCold  . . .     Gourm    .     c - +0 robe
rNeg   . . .     Faith    .     (shield currently unavailable)
rPois  .         Spirit   .     (helmet restricted)
rElec  .         Dismiss  .     g - +1 cloak
rCorr  +         Reflect  +     (gloves unavailable)
SustAt .         Harm     .     (boots unavailable)
MR     +....                    H - +2 amulet of reflection
Stlth  ++........               U - +3 ring of intelligence
                                E - ring of resist corrosion

@: very slow, somewhat resistant to hostile enchantments, unstealthy
A: unfitting armour, tough skin 1
a: Bend Time, Temporal Distortion, Slouch, Step From Time, Renounce Religion


You were on level 10 of the Dungeon.
You worshipped Cheibriados.
Cheibriados was extremely pleased with you.
You were not hungry.

You visited 2 branches of the dungeon, and saw 11 of its levels.

You collected 583 gold pieces.
You spent 476 gold pieces at shops.

Inventory:

Hand Weapons
 a - a +1 giant spiked club (weapon)
Missiles
 b - 248 stones (quivered)
 h - 24 poisoned needles
 k - 8 needles of paralysis
 x - 15 tomahawks
 y - 8 needles of sleeping
 O - a throwing net
 Y - 3 curare-tipped needles
Armour
 c - a +0 robe (worn)
 g - a +1 cloak (worn)
Magical Staves
 V - an uncursed staff of fire
 X - an uncursed staff of death
Jewellery
 E - a ring of resist corrosion (left hand)
 H - a +2 amulet of reflection (around neck)
 J - an uncursed ring of magical power
 T - an uncursed ring of flight
 U - a +3 ring of intelligence (right hand)
Wands
 n - a wand of lightning (4/15)
 C - a wand of slowing (11/48)
 F - a wand of acid (8/15)
 G - a wand of digging (10/24)
 I - a wand of iceblast (7/15)
 Z - a wand of enslavement (14/24)
Scrolls
 i - 3 scrolls of enchant weapon
 l - 2 scrolls of remove curse
 o - a scroll of enchant armour
 p - 3 scrolls of noise
 q - a scroll of amnesia {unknown}
 s - a scroll of fear {unknown}
 u - a scroll of immolation {unknown}
 v - 3 scrolls of teleportation
 D - a scroll of recharging
 N - a scroll of fog {unknown}
 W - 2 scrolls of magic mapping
Potions
 f - a potion of mutation {!q}
 m - 5 potions of curing
 r - a potion of cure mutation {!q}
 t - a potion of ambrosia
 w - a potion of invisibility
 A - 2 potions of heal wounds
 M - 3 potions of flight
 P - a potion of lignification {!q}
 Q - 3 potions of resistance
 R - a potion of agility
 S - a potion of might
Books
 e - a book of Geomancy

   Spells                             Type                      Level
   a - Sandblast                      Earth                        1
   b - Passwall                       Transmutation/Earth          2
   c - Stone Arrow                    Conjuration/Earth            3
   d - Petrify                        Transmutation/Earth          4
   e - Lee's Rapid Deconstruction     Earth                        5
 L - a Young Poisoner's Handbook

   Spells                             Type                      Level
   a - Sting                          Conjuration/Poison           1
   b - Cure Poison                    Poison                       2
   c - Mephitic Cloud                 Conjuration/Poison/Air       3
   d - Olgreb's Toxic Radiance        Poison                       4
   e - Venom Bolt                     Conjuration/Poison           5
Comestibles
 d - 7 bread rations
 j - 9 beef jerkies
 z - 3 chunks of flesh
 B - 2 royal jellies
 K - 2 meat rations


   Skills:
 * Level 12.3 Fighting
 * Level 13.7 Maces & Flails
 - Level 1.2 Throwing
 + Level 5.9 Dodging
 - Level 1.5 Stealth
 - Level 2.4 Spellcasting
 - Level 0.6 Transmutations
 - Level 2.1 Earth Magic
 + Level 3.4 Invocations


You had 11 spell levels left.
You knew the following spells:

 Your Spells              Type           Power        Failure   Level  Hunger
a - Sandblast             Erth           ###...       3%          1    None
p - Passwall              Tmut/Erth      ##........   8%          2    ##.....


Dungeon Overview and Level Annotations

Branches:
Dungeon (10/15)            Temple (1/1) D:5            Lair (0/6) D:10
    Orc (0/2) D:10

Altars:
Ashenzari
Cheibriados
Elyvilon
Fedhas
Gozag
Hepliaklqana
Kikubaaqudgha
Makhleb
Nemelex Xobeh
Okawaru
Pakellas
Qazlal
Ru
Sif Muna
Trog
Uskayaw
Vehumet
Xom
Yredelemnul
Zin
The Shining One

Shops:
D:8 !=   D:9 ?

Annotations:
D:8 fly, BadBadger's ghost, novice DsGl


Innate Abilities, Weirdness & Mutations

You are too large for most types of armour.
You have tough skin. (AC +1)


Message History

The swamp worm closely misses you. The swamp worm bites you!!
The swamp worm barely misses you.
Okay, then.
Okay, then.
Unknown command.
As you read the scroll labeled PEF ONKUUQOTU, it crumbles to dust.
It is a scroll of enchant weapon.
Enchant which weapon? (? for menu, Esc to quit)
Your +0 giant spiked club glows red for a moment.
The swamp worm bites you!
* * * LOW HITPOINT WARNING * * *
The swamp worm bites you but does no damage.
The swamp worm bites you!!
* * * LOW HITPOINT WARNING * * *
As you read the scroll labeled LALLYX SASKE, it crumbles to dust.
It is a scroll of recharging.
Charge which item? (? for menu, Esc to quit)
Your wand of lightning {zapped: 8} glows for a moment.
The swamp worm bites you!
You die...

... .....# #..#.....## ....##
.....# ##.......P#>
#....####.....########..#.....P#.
........#......................##
........#...≈≈≈≈≈≈≈.###.#........
.......<.#≈≈≈≈≈≈≈≈≈≈≈##.##.....P.
.........≈≈≈#######≈≈≈#.#..÷.....
.........≈≈##≈≈≈≈w#≈≈≈†.....P....
....(.()#≈≈#)≈≈≈@≈≈≈≈≈...#...#...
###(.####≈≈##≈≈ww≈#≈≈≈.......###.
#..# ##≈≈≈#######≈≈≈...#...###.
#..# #..≈≈≈≈≈≈≈≈≈≈≈....#.......
###..###.###≈≈≈≈≈≈≈..#.#####.....
.......).##....##.#.....# #.....
............#####...##..# #.....
........##### ##...#..# ##.†..
........#########........ #>..†


You could see 3 swamp worms.

Vanquished Creatures
  An unseen horror (D:10)
  A hill giant (D:10)
  Sigmund (D:3)
  2 yaks (D:10)
  A wyvern (D:9)
  A hungry ghost (D:8)
  2 hippogriffs
  A steam dragon (D:8)
  A black bear (D:7)
  3 orc warriors
  An ice beast (D:8)
  A wasp (D:7)
  7 ogres
  3 phantoms
  2 sky beasts
  2 necrophages
  An eye of draining (D:3)
  5 centaurs
  A crocodile (D:10)
  The ghost of Xiguana the Ruffian, an amateur VSMo (D:4)
  5 giant frogs
  A scorpion (D:8)
  6 killer bees
  4 wights (D:9)
  2 electric eels (D:8)
  2 howler monkeys
  3 crimson imps
  4 orc priests
  A jelly (D:7)
  4 orc wizards
  3 giant frog skeletons
  3 hounds
  4 iguanas
  Ijyb (D:2)
  5 worker ants
  A hound skeleton (D:9)
  A howler monkey skeleton (D:9)
  5 gnolls
  A river rat (D:10)
  14 adders
  An ooze (D:2)
  An adder zombie (D:5)
  An adder skeleton (D:8)
  14 worms
  4 dart slugs
  6 giant geckos
  29 orcs
  6 ball pythons
  14 bats
  5 giant cockroaches
  10 goblins
  7 hobgoblins
  5 jackals
  11 kobolds
  4 quokkas
  6 giant newts
  22 rats
  4 fungi (D:8)
258 creatures vanquished.

Vanquished Creatures (others)
  5 sheep (D:4)
  13 fungi (D:10)
  7 plants (D:10)
25 creatures vanquished.

Grand Total: 283 creatures vanquished

Notes
Turn   | Place    | Note
--------------------------------------------------------------
     0 | D:1      | hypermopl the Ogre Earth Elementalist began the quest for the Orb.
     0 | D:1      | Reached XP level 1. HP: 16/16 MP: 3/3
    68 | D:1      | Reached skill level 1 in Fighting
   289 | D:1      | Reached skill level 1 in Maces & Flails
   289 | D:1      | Reached XP level 2. HP: 23/28 MP: 1/5
   404 | D:1      | Learned a level 2 spell: Passwall
   561 | D:1      | Reached skill level 2 in Maces & Flails
   591 | D:1      | Reached skill level 2 in Fighting
   700 | D:1      | Reached XP level 3. HP: 7/35 MP: 0/6
  1456 | D:1      | Reached skill level 3 in Maces & Flails
  1562 | D:2      | Reached XP level 4. HP: 16/44 MP: 0/7
  1839 | D:2      | Reached skill level 4 in Maces & Flails
  1966 | D:1      | Reached skill level 3 in Fighting
  2118 | D:2      | Noticed Ijyb
  2162 | D:2      | Killed Ijyb
  2162 | D:2      | Reached XP level 5. HP: 30/53 MP: 8/8
  2524 | D:2      | Reached skill level 5 in Maces & Flails
  3082 | D:3      | Noticed a phantom
  3331 | D:3      | Found a bloodstained altar of Trog.
  3332 | D:3      | Noticed an eye of draining
  3373 | D:3      | Killed an eye of draining
  3373 | D:3      | Reached skill level 4 in Fighting
  3373 | D:3      | Reached skill level 6 in Maces & Flails
  3373 | D:3      | Reached XP level 6. HP: 58/62 MP: 0/9
  3769 | D:3      | Noticed Sigmund
  4425 | D:3      | Reached skill level 7 in Maces & Flails
  4711 | D:3      | Found a hide-covered altar of Uskayaw.
  4823 | D:4      | Found a shimmering altar of Xom.
  4846 | D:4      | Found a sparkling altar of Nemelex Xobeh.
  5012 | D:4      | Reached XP level 7. HP: 64/71 MP: 10/10
  5045 | D:4      | Noticed Xiguana's ghost (amateur VSMo)
  5097 | D:3      | Reached skill level 5 in Fighting
  5412 | D:4      | Killed Xiguana's ghost
  5412 | D:4      | Reached skill level 8 in Maces & Flails
  6168 | D:4      | Found a snail-covered altar of Cheibriados.
  6168 | D:4      | Found an ancient bone altar of Kikubaaqudgha.
  6317 | D:4      | Reached skill level 6 in Fighting
  6317 | D:4      | Reached skill level 1 in Throwing
  6469 | D:4      | Became a worshipper of Cheibriados the Contemplative
  6499 | D:5      | Entered Level 5 of the Dungeon
  6600 | D:5      | Found a staircase to the Ecumenical Temple.
  6609 | D:5      | Reached skill level 2 in Dodging
  6728 | Temple   | Entered the Ecumenical Temple
  6839 | D:5      | Reached XP level 8. HP: 63/82 MP: 11/11
  7323 | D:5      | Reached skill level 9 in Maces & Flails
  7702 | D:6      | Reached skill level 7 in Fighting
  7993 | D:6      | Found an opulent altar of Gozag.
  8187 | D:6      | Reached skill level 10 in Maces & Flails
  8187 | D:6      | Reached skill level 3 in Dodging
  8270 | D:6      | Reached * piety under Cheibriados
  8270 | D:6      | Reached skill level 8 in Fighting
  8591 | D:5      | Found a glowing golden altar of the Shining One.
  8825 | D:7      | Reached XP level 9. HP: 84/96 MP: 12/12
  9242 | D:7      | Reached skill level 9 in Fighting
  9321 | D:7      | Reached ** piety under Cheibriados
  9321 | D:7      | Reached skill level 11 in Maces & Flails
  9789 | D:8      | Found a hazy altar of Hepliaklqana.
  9836 | D:8      | Reached skill level 4 in Dodging
 10168 | D:8      | Found Teuhiov's Distillery.
 10184 | D:8      | Noticed BadBadger's ghost (novice DsGl)
 10696 | D:8      | Reached skill level 10 in Fighting
 10728 | D:8      | Bought a potion of lignification for 45 gold pieces
 10728 | D:8      | Bought a potion of resistance for 150 gold pieces
 10728 | D:8      | Bought a potion of agility for 60 gold pieces
 10728 | D:8      | Bought a potion of might for 60 gold pieces
 10728 | D:8      | Bought a potion of flight for 45 gold pieces
 10728 | D:8      | Bought a potion of curing for 45 gold pieces
 10730 | D:8      | Found Acegov's Jewellery Shoppe.
 10849 | D:8      | Reached skill level 12 in Maces & Flails
 11682 | D:8      | Reached XP level 10. HP: 60/110 MP: 13/13
 11684 | D:8      | Reached *** piety under Cheibriados
 12524 | D:9      | Reached skill level 11 in Fighting
 12524 | D:9      | Reached skill level 5 in Dodging
 12807 | D:9      | Found a basalt altar of Yredelemnul.
 12809 | D:9      | Noticed a profane servitor
 12816 | D:9      | Found a glowing golden altar of the Shining One.
 12818 | D:9      | Noticed an angel
 12852 | D:9      | Found Kickoa's Magic Scroll Emporium.
 12864 | D:9      | Bought a scroll of magic mapping for 45 gold pieces
 12864 | D:9      | Bought a scroll of identify for 26 gold pieces
 13006 | D:9      | Reached **** piety under Cheibriados
 13370 | D:9      | Found a burning altar of Makhleb.
 13460 | D:9      | Found a glowing silver altar of Zin.
 13469 | D:9      | Reached skill level 1 in Invocations
 13503 | D:9      | Found a glowing silver altar of Zin.
 14209 | D:3      | Killed Sigmund
 14217 | D:3      | Found a stormy altar of Qazlal.
 14218 | D:3      | Found a shattered altar of Ashenzari.
 14220 | D:3      | Found a blossoming altar of Fedhas.
 14230 | D:3      | Found an iron altar of Okawaru.
 14234 | D:3      | Found an oddly glowing altar of Pakellas.
 14466 | D:10     | Entered Level 10 of the Dungeon
 14466 | D:10     | Noticed a hill giant
 14470 | D:10     | Killed a hill giant
 14470 | D:10     | Reached skill level 13 in Maces & Flails
 14470 | D:10     | Reached skill level 2 in Invocations
 15051 | D:10     | Killed an unseen horror
 15051 | D:10     | Reached skill level 12 in Fighting
 15123 | D:10     | Reached ***** piety under Cheibriados
 15137 | D:10     | Found a staircase to the Orcish Mines.
 15168 | D:10     | Reached skill level 3 in Invocations
 15520 | D:10     | Found a staircase to the Lair.
 15529 | D:10     | Reached XP level 11. HP: 94/121 MP: 14/14
 15700 | D:10     | HP: 6/121 [swamp worm (26)]
 15701 | D:10     | Slain by a swamp worm

Vault maps used:
D:1:      scummos_arrival_simple_crosswalls, hex_large
D:2:      kennysheep_decorative_pillar, minmay_tree_intersection, uniq_iyjb
D:3:      minmay_overflow_temple_star_hex, nicolae_overflow_hidden_temple,
          trog_eyes_of_draining, first_bread, uniq_sigmund
D:4:      lemuel_round_altar, gammafunk_temple_overflow_elements,
          kb_xom_exploding_sheep
D:5:      lemuel_upstairs_altar, minmay_temple_entry_purple_smoke
D:6:      grunt_gozag_breadcrumbs
D:8:      lemuel_doored_altar, serial_shops, nicolae_shop_statue_plus,
          kennysheep_mini, grunt_ogre_cave, water_boxes_lemuel
D:9:      grunt_temple_overflow_holy_war, makhleb_blood_cavern_becter,
          zin_academy, serial_shops, nicolae_shop_waterfront, basic_altar,
          nrook_mini_backslash, lightli_fourway_metalbox
D:10:     grunt_lair_entry_orc_guard_hut, orc_0_dummy, worms_lemuel
Temple:   circular_temple_6

Skill      XL: |  1  2  3  4  5  6  7  8  9 10 |
---------------+-------------------------------+-----
Fighting       | 1 2 3 4 6 8 10 12 | 12.3
Maces & Flails | 1 2 3 4 6 7 8 10 12 13 | 13.7
Throwing       | 1 |  1.2
Dodging        | 2 3 4 5 |  5.9
Invocations    | 3 |  3.4
Stealth        | |  1.5
Spellcasting   | |  2.4
Transmutations | |  0.6
Earth Magic    | |  2.1

Action                   |  1- 3 |  4- 6 |  7- 9 | 10-12 || total
-------------------------+-------+-------+-------+-------++-------
Melee: Unarmed           |     9 |       |       |       ||     9
       Club              |    69 |       |       |       ||    69
       Mace              |    16 |   199 |       |       ||   215
       Whip              |     7 |       |       |       ||     7
       Flail             |       |    47 |   157 |       ||   204
       Giant spiked club |       |       |    78 |   195 ||   273
       Giant club        |       |       |   100 |       ||   100
Throw: Stone             |       |       |    15 |     7 ||    22
 Cast: Sandblast         |    38 |    37 |       |       ||    75
 Abil: Evoke Flight      |       |       |     5 |       ||     5
Evoke: Wand              |       |       |     4 |     4 ||     8
  Use: Scroll            |       |     5 |     8 |     4 ||    17
 Stab: Sleeping          |       |     5 |     3 |     1 ||     9
       Distracted        |       |       |     2 |     2 ||     4
  Eat: Chunk             |     3 |    12 |    18 |     4 ||    37
       Fruit             |       |       |     1 |       ||     1
       Pizza             |       |       |       |     2 ||     2
Armor: Robe              |    48 |    72 |    94 |    57 ||   271
Dodge: Dodged            |   100 |   133 |   176 |   162 ||   571
Block: Other             |       |       |       |     4 ||     4
